 Dungeon Sprint DCSS version 0.29.1-1-gd02db6906a (webtiles) character file.

Game seed: 4596159356150385730

11 Groucho the Trooper (level 2, -2/45 HPs)
             Began as a Naga Fighter on Sept 26, 2022.
             Slain by a centaur (4 damage)
             ... in the Dungeon (Sprint IX: "|||||||||||||||||||||||||||||").
             The game lasted 00:00:32 (50 turns).

Groucho the Trooper (Naga Fighter)                    Turns: 50, Time: 00:00:33

Health: -2/45      AC:  4    Str: 18    XL:     2   Next: 29%
Magic:  2/2        EV:  7    Int:  8    God:
Gold:   0          SH:  4    Dex: 10    Spells: 1/1 levels left

rFire   . . .      SeeInvis +   a - +0 war axe
rCold   . . .      Faith    .   c - +0 buckler
rNeg    . . .      Spirit   .   b - +0 scale mail
rPois   +          Reflect  .   (no helmet)
rElec   .          Harm     .   (no cloak)
rCorr   .          Rampage  .   (no gloves)
Will    .....      NoTele   +   (no barding)
Stlth   ..........              (no amulet)
HPRegen 0.15/turn               (no ring)
MPRegen 0.08/turn               (no ring)

@: berserking, hasted, quick
A: AC +0, large, see invisible, deformed body, poison resistance, slowness 2,
spit poison 1, naga tail 1
a: Spit Poison


You were in the Dungeon.
You visited 1 branch

Inventory:

Hand Weapons
 a - a +0 war axe (weapon)
Armour
 b - a +0 scale mail (worn)
 c - a +0 buckler (worn)
Scrolls
 j - a scroll of blinking
Potions
 d - a potion of might
 h - 2 potions of magic


   Skills:
 + Level 3.7 Fighting
 + Level 2.9 Axes
 + Level 3.0 Armour
 + Level 3.3 Shields


You had one spell level left.
You didn't know any spells.
Your spell library was empty.

Dungeon Overview and Level Annotations

Branches:
Dungeon (1/1)

Altars:


Innate Abilities, Weirdness & Mutations

Your serpentine skin is tough. (AC +0)
You have supernaturally acute eyesight. (SInv)
Armour fits poorly on your strangely shaped body.
Your system is resistant to poisons. (rPois)
You cover ground very slowly.
You can spit poison.
You have a snake-like lower body.


Message History

The orc is almost dead.
The orc barely misses you.
You hit the orc.
You kill the orc!
Your Armour skill increases to level 3!
Unknown command.
You hit the orc but do no damage. The orc hits you with a +0 flail.
The orc hits you but does no damage.
Unknown command.
Unknown command.
You closely miss the orc. The orc barely misses you.
You slash the orc!
You kill the orc!
The scorpion barely misses you.
Okay, then.
You barely miss the scorpion. You block the scorpion's attack.
You barely miss the scorpion. You block the scorpion's attack.
The scorpion stings you.
* * * LOW HITPOINT WARNING * * *
Unknown command.
You feel better. The scorpion stings you.
You hit the scorpion but do no damage. The scorpion stings you.
The scorpion stings you but does no damage.
You hit the scorpion but do no damage. The scorpion stings you.
* * * LOW HITPOINT WARNING * * *
The scorpion barely misses you.
You feel yourself speed up. You block the scorpion's attack.
A red film seems to cover your vision as you go berserk!
You feel yourself moving faster!
You feel mighty! The scorpion stings you.
* * * LOW HITPOINT WARNING * * *
You barely miss the scorpion.
The scorpion stings you but does no damage.
You slash the scorpion!
The scorpion is severely wounded.
The scorpion stings you.
* * * LOW HITPOINT WARNING * * *
You slash the scorpion!
You kill the scorpion!
The centaur hits you.
You die...

▓+▓
▓.▓
▓.▓
▓.▓
▓h▓
▓c▓
▓@▓
▓.▓
▓.▓
▓.▓
▓.▓
▓)▓
▓'▓
▓.▓
▓.▓


You could see a centaur and a hound.

Vanquished Creatures
  A scorpion (D)
  A dart slug (D)
  2 orcs (D)
  A hobgoblin (D)
  A kobold (D)
  A quokka (D)
  A rat (D)
8 creatures vanquished.

Notes
Turn   | Place    | Note
-------+----------+-------------------------------------------
     0 | D        | Groucho the Naga Fighter began the quest for the Orb.
     0 | D        | Reached XP level 1. HP: 21/21 MP: 1/1
    24 | D        | Reached XP level 2. HP: 13/28 MP: 2/2
    29 | D        | Noticed a centaur
    29 | D        | Noticed a scorpion
    49 | D        | HP: 2/45 [scorpion (6)]
    50 | D        | Killed a scorpion
    50 | D        | Slain by a centaur

Illustrated notes

Levels and vault maps discovered:
D:        linesprint [early_d, line_temple, items_1, d_10, items_2, lair_1,
          lair_end, items_3, orc_1, orc_end, items_4, d_15, swamp_1, shoals_1,
          snake_1, spider_1, d_20, vaults_1, items_5, swamp_end, shoals_end,
          snake_end, spider_end, vaults_end, d_27, items_6, zot_1, zot_end,
          crypt_end, forest_end, elf_end, slime_end, tomb_end, abyss_end,
          pan_hell_end]

Skill      XL: |  1  2 |
---------------+-------+-----
Shields        | 3 |  3.3
Armour         | 3 |  3.0
Fighting       | |  3.7
Axes           | |  2.9

Action                   || total
-------------------------++-------
Melee: War axe           ||    35
  Use: Potion            ||     4
Armor: Scale mail        ||    12
Dodge: Dodged            ||     9
Block: Buckler           ||     7
